 Dungeon Crawl Stone Soup version 0.29.0-11-gd7f09526c8 (webtiles) character file.

Game seed: 8455917691538510916

592 Arcadio the Trooper (level 7, -1/87 HPs)
             Began as a Palentonga Fighter on Sept 5, 2022.
             Was a Follower of Elyvilon.
             Succumbed to a water moccasin's poison
             ... on level 5 of the Dungeon.
             The game lasted 00:11:38 (5930 turns).

Arcadio the Trooper (Palentonga Fighter)            Turns: 5930, Time: 00:11:39

Health: -1/87      AC: 12    Str: 23    XL:     7   Next: 16%
Magic:  2/7        EV:  6    Int:  8    God:    Elyvilon [*.....]
Gold:   204        SH:  8    Dex: 10    Spells: 6/6 levels left

rFire   . . .      SeeInvis +   a - +0 war axe
rCold   . . .      Faith    .   s - +0 kite shield
rNeg    . . .      Spirit   .   b - +0 scale mail
rPois   .          Reflect  .   (no helmet)
rElec   .          Harm     .   n - +0 cloak
rCorr   .          Rampage  .   (no gloves)
Will    .....                   (no barding)
Stlth   ..........              g - amulet of regeneration
HPRegen 1.04/turn               j - +4 ring of protection
MPRegen 0.10/turn               (no ring)

@: mighty, berserking, lethally poisoned (-1 -> -6), very quick
A: large, rugged brown scales 3, see invisible, deformed body, roll 1, armoured
tail, reflexive curl
a: Rolling Charge, Renounce Religion, Purification


You were on level 5 of the Dungeon.
You worshipped Elyvilon.
Elyvilon was aware of your devotion.
You visited 1 branch of the dungeon, and saw 5 of its levels.

You collected 274 gold pieces.
You spent 70 gold pieces at shops.

Inventory:

Hand Weapons
 a - a +0 war axe (weapon)
 k - a +0 morningstar
 v - a +2 vorpal flail
Armour
 b - a +0 scale mail (worn)
 c - a +0 buckler
 n - a +0 cloak (worn)
 s - a +0 kite shield (worn)
Jewellery
 e - an amulet of faith
 g - an amulet of regeneration (around neck)
 j - a +4 ring of protection (left hand)
Wands
 y - a wand of polymorph (8)
Scrolls
 f - a scroll of magic mapping {unknown}
 i - 3 scrolls of teleportation {unknown}
 l - a scroll of poison
 o - 2 scrolls of enchant weapon
 p - a scroll of immolation
 q - a scroll of enchant armour
 r - a scroll of silence {unknown}
 t - 2 scrolls of vulnerability {unknown}
 x - a scroll of summoning {unknown}
Potions
 d - a potion of might
 h - a potion of magic
 m - a potion of mutation
 u - a potion of flight


   Skills:
 + Level 4.8 Fighting
 + Level 4.3 Axes
 + Level 4.0 Armour
 + Level 4.4 Shields


You had 6 spell levels left.
You didn't know any spells.
Your spell library contained the following spells:

 Spells                   Type           Power      Damage    Failure   Level
 Magic Dart               Conj           0%         1d3       94%         1
 Necrotise                Necr           0%         1d4       94%         1
 Shock                    Conj/Air       0%         1d3       94%         1
 Call Imp                 Summ           0%         N/A       98%         2
 Ensorcelled Hibernation  Hex/Ice        0%         N/A       98%         2
 Mephitic Cloud           Conj/Pois/Air  0%         N/A       100%        3
 Spider Form              Tmut/Pois      0%         N/A       100%        3
 Swiftness                Air            0%         N/A       100%        3
 Vampiric Draining        Necr           0%         2d6       100%        3
 Airstrike                Air            0%         2d(0-16)  100%        4
 Anguish                  Hex/Necr       0%         N/A       100%        4
 Agony                    Necr           0%         N/A       100%        5


Dungeon Overview and Level Annotations

Branches:
Dungeon (5/15) Zot: 23984
 Temple: D:4-7

Altars:
Dithmenos
Elyvilon
Makhleb
Ru

Shops:
D:4 !

Annotations:
D:4 2 transporters, MoonlitKnight's ghost, novice KoBr
D:5 Sigmund


Innate Abilities, Weirdness & Mutations

You are completely covered in rugged brown scales. (AC +3, +7% HP)
You have supernaturally acute eyesight. (SInv)
Armour fits poorly on your strangely shaped body.
You can roll at nearby foes to attack.
You have a long armoured tail.
You curl defensively after being hit. (AC +7*)


Message History

The water moccasin bites you but does no damage.
The black bear bites you but does no damage.
The black bear claws you but does no damage.
The black bear claws you.
* * * LOW HITPOINT WARNING * * *
The iguana barely misses you. You block the water moccasin's attack.
You feel purified! You block the black bear's attack.
The black bear claws you but does no damage.
The black bear claws you.
* * * LOW HITPOINT WARNING * * *
The iguana bites you but does no damage.
The water moccasin barely misses you.
You barely miss the water moccasin.
The water moccasin is heavily wounded.
You hit the black bear. You slash the iguana!
The water moccasin bites you but does no damage.
The iguana bites you!
* * * LOW HITPOINT WARNING * * *
The black bear bites you but does no damage.
The black bear claws you.
* * * LOW HITPOINT WARNING * * *
The black bear claws you.
* * * LOW HITPOINT WARNING * * *
You block the water moccasin's attack.
The iguana bites you but does no damage.
The black bear bites you but does no damage.
The black bear claws you but does no damage. x2
A red film seems to cover your vision as you go berserk!
You feel yourself moving faster!
You feel mighty! The water moccasin bites you.
* * * LOW HITPOINT WARNING * * *
You are poisoned.
The water moccasin poisons you! The iguana bites you!
* * * LOW HITPOINT WARNING * * *
The black bear bites you but does no damage.
The black bear claws you but does no damage.
You block the black bear's attack.
You slash the black bear! You tail-slap the black bear!
You kill the black bear!
You miss the water moccasin. You hit the iguana.
You die...

...# ...# ...# S#
#.## .#. #.# ..?.
#.# .oo.. #)# #
##.... #.#
#.#.########...##.#
#.#
#.....@.o..........
###...Slo..<...#
##########...# ..##
..# !.# ..# ..# ..#


You could see a water moccasin, an iguana, an orc wizard (invisible) and an orc.

Vanquished Creatures
  Eustachio (D:4)
  Edmund (D:4)
  A black bear (D:5)
  A necrophage (D:4)
  A hound (D:4)
  Crazy Yiuf (D:4)
  Terence (D:2)
  9 adders
  2 worms
  5 dart slugs
  12 orcs
  4 bats
  9 endoplasms
  3 giant cockroaches
  3 goblins
  6 hobgoblins
  5 jackals
  7 kobolds
  9 ball pythons
  3 frilled lizards
  3 rats
87 creatures vanquished.

Vanquished Creatures (others)
  6 plants (D:4)
6 creatures vanquished.

Grand Total: 93 creatures vanquished

Notes
Turn   | Place    | Note
-------+----------+-------------------------------------------
     0 | D:1      | Arcadio the Palentonga Fighter began the quest for the Orb.
     0 | D:1      | Reached XP level 1. HP: 19/19 MP: 1/1
    52 | D:1      | Reached XP level 2. HP: 12/25 MP: 2/2
   471 | D:1      | Found a faded altar of an unknown god.
   785 | D:1      | Reached XP level 3. HP: 25/31 MP: 3/3
  2310 | D:2      | Reached XP level 4. HP: 37/37 MP: 4/4
  2475 | D:2      | Noticed Terence
  2484 | D:2      | Killed Terence
  3145 | D:3      | Reached XP level 5. HP: 36/44 MP: 5/5
  3235 | D:3      | Identified the +4 dagger of Salt {protect, rC+ Will+ Dex+2}
  3774 | D:3      | Found a white marble altar of Elyvilon.
  3774 | D:3      | Found a shadowy altar of Dithmenos.
  3775 | D:3      | Found a sacrificial altar of Ru.
  4077 | D:3      | Became a worshipper of Elyvilon the Healer
  4662 | D:4      | Reached * piety under Elyvilon
  4695 | D:4      | Noticed Edmund
  4721 | D:4      | Killed Edmund
  4722 | D:4      | Reached XP level 6. HP: 19/51 MP: 6/6
  4939 | D:4      | Found a transporter.
  4940 | D:4      | Found a transporter.
  4978 | D:4      | Noticed MoonlitKnight's ghost (novice KoBr)
  5012 | D:4      | Found a burning altar of Makhleb.
  5071 | D:4      | Found Judog's Distillery.
  5088 | D:4      | Bought a potion of berserk rage for 70 gold pieces
  5154 | D:4      | Noticed Eustachio
  5190 | D:4      | Killed Eustachio
  5191 | D:4      | Gained mutation: You curl defensively after being hit. (AC
                  | +7*) [Palentonga growth]
  5191 | D:4      | Reached XP level 7. HP: 58/58 MP: 7/7
  5411 | D:4      | Found a runed translucent door.
  5412 | D:4      | Noticed Crazy Yiuf
  5518 | D:4      | Killed Crazy Yiuf
  5568 | D:5      | Entered Level 5 of the Dungeon
  5598 | D:5      | Noticed Sigmund
  5929 | D:5      | HP: 1/87 [iguana (7)]
  5930 | D:5      | Succumbed to a water moccasin's poison

Illustrated notes

Levels and vault maps discovered:
D:1:      dpeg_arrival_connections, layout_loops_corners,
          hellmonk_ecumenical_altar_defaced_shrine
D:2:      minmay_general_purpose_star, layout_basic, minmay_diced_spiral,
          uniq_terence
D:3:      layout_basic, grunt_temple_overflow_open
D:4:      layout_basic, lemuel_tele_altar, serial_shops, nicolae_square_shop,
          gammafunk_ghost_gnarly_gnolls, uniq_eustachio,
          uniq_crazy_yiuf_cottage, uniq_edmund
D:5:      layout_basic, uniq_sigmund

Skill      XL: |  1  2  3  4  5  6  7 |
---------------+----------------------+-----
Shields        | 3 4 |  4.4
Armour         | 3 4 |  4.0
Axes           | 3 4 |  4.3
Fighting       | 4 |  4.8

Action                   |  1- 3 |  4- 6 |  7- 9 || total
-------------------------+-------+-------+-------++-------
Melee: War axe           |    81 |   135 |    30 ||   246
       Tailslap          |     5 |    13 |     5 ||    23
Invok: Purification      |       |       |     3 ||     3
 Abil: Rolling Charge    |     8 |    16 |     2 ||    26
  Use: Scroll            |     1 |     6 |       ||     7
       Potion            |       |     1 |     2 ||     3
Armor: Scale mail        |    67 |    63 |    38 ||   168
Dodge: Dodged            |    41 |    38 |    19 ||    98
Block: Buckler           |     9 |    25 |       ||    34
       Kite shield       |       |    19 |    19 ||    38
